 Dungeon Crawl Stone Soup version 0.28-a0-172-g787e458d71 (webtiles) character file.

Game seed: 13926559447272637556

12040 Ezendos the Warrior (level 11, -6/126 HPs)
             Began as an Ogre Brigand on Aug 16, 2021.
             Was a Believer of Hepliaklqana.
             Killed by refrigeration
             ... invoked by Fannar
              (27 damage)
             ... on level 10 of the Dungeon.
             The game lasted 00:25:20 (13555 turns).

Ezendos the Warrior (Ogre Brigand)                 Turns: 13555, Time: 00:25:21

Health: -6/126     AC:  9    Str: 17    XL:     11   Next: 87%
Magic:  11/11      EV: 15    Int: 12    God:    Hepliaklqana [**....]
Gold:   622        SH:  5    Dex: 13    Spells: 10/10 levels left

rFire   . . .      SeeInvis .   a - +1 whip (elec)
rCold   . . .      Faith    .   (no shield)
rNeg    . . .      Spirit   .   E - +0 steam dragon scales
rPois   .          Reflect  +   (helmet restricted)
rElec   .          Harm     .   c - +1 cloak
rCorr   .          Rampage  .   (gloves unavailable)
Will    +....                   (boots unavailable)
Stlth   ++........              m - amulet of reflection
HPRegen 0.31/turn               l - +4 ring of evasion
MPRegen 0.12/turn               (no ring)

@: no status effects
A: reduced essence, large, unfitting armour, tough skin 1
a: Renounce Religion, Recall Ancestor, Ancestor Identity


You were on level 10 of the Dungeon.
You worshipped Hepliaklqana.
Hepliaklqana was pleased with you.
You visited 3 branches of the dungeon, and saw 12 of its levels.
You also visited: Ossuary.

You collected 622 gold pieces.

Inventory:

Hand Weapons
 a - a +1 whip of electrocution (weapon)
 d - a +1 dagger of venom
 f - a +0 hunting sling
 j - a +2 dagger
 F - a +0 giant spiked club
Missiles
 e - 2 curare-tipped darts
 g - 105 sling bullets
 k - 5 boomerangs (quivered)
 n - 11 poisoned darts
 o - 10 large rocks
 I - 6 silver javelins
Armour
 c - a +1 cloak (worn)
 i - a +0 troll leather armour {Purgy}
 E - +0 steam dragon scales (worn)
Jewellery
 l - a +4 ring of evasion (left hand)
 m - an amulet of reflection (around neck)
Wands
 v - a wand of flame (31)
 z - a wand of paralysis (8)
 D - a wand of polymorph (8)
 G - a wand of digging (6)
 N - a wand of iceblast (7)
Scrolls
 p - 2 scrolls of enchant weapon
 q - a scroll of fear
 r - a scroll of immolation {unknown}
 s - 2 scrolls of amnesia
 t - a scroll of blinking
 w - a scroll of teleportation
 y - 3 scrolls of enchant armour
 B - a scroll of brand weapon {unknown}
 C - 2 scrolls of summoning {unknown}
 H - a scroll of magic mapping {unknown}
 M - a scroll of acquirement {unknown}
Potions
 b - a potion of mutation
 h - 8 potions of curing
 u - 4 potions of lignification
 x - 2 potions of invisibility
 A - a potion of haste
 J - 2 potions of cancellation
 K - a potion of might
 L - 2 potions of brilliance


   Skills:
 + Level 18.1 Fighting
 - Level 1.7 Short Blades
 - Level 1.7(3.2) Axes
 - Level 4.0(4.1) Maces & Flails
 + Level 5.7 Throwing
 + Level 4.8 Armour
 - Level 5.0 Dodging
 - Level 3.0 Stealth


You had 10 spell levels left.
You didn't know any spells.
Your spell library contained the following spells:

 Spells                   Type           Power      Damage    Failure   Level
 Slow                     Hex            0%         N/A       45%         2
 Static Discharge         Conj/Air       0%         N/A       45%         2
 Confusing Touch          Hex            0%         N/A       69%         3
 Frozen Ramparts          Ice            0%         1d2       69%         3
 Stone Arrow              Conj/Erth      0%         3d7       69%         3
 Vampiric Draining        Necr           0%         2d6       69%         3
 Animate Armour           Summ/Erth      0%         N/A       97%         4
 Ice Form                 Ice/Tmut       0%         N/A       97%         4
 Summon Ice Beast         Ice/Summ       0%         N/A       97%         4
 Bolt of Magma            Conj/Fire/Erth 0%         4d4       100%        5
 Lightning Bolt           Conj/Air       0%         1d11      100%        5
 Lehudib's Crystal Spear  Conj/Erth      0%         10d2      100%        8
 Maxwell's Capacitive Co  Air            0%         ∞         100%        8
 Shatter                  Erth           0%         3d5*      100%        9


Dungeon Overview and Level Annotations

Branches:
Dungeon (10/15)            Temple (1/1) D:7            Lair (1/6) D:9
Ossuary (visited)
    Orc: D:9-12

Altars:
Ashenzari
Cheibriados
Dithmenos
Elyvilon
Fedhas
Gozag
Hepliaklqana
Kikubaaqudgha
Makhleb
Nemelex Xobeh
Okawaru
Qazlal
Ru
Sif Muna
Trog
Uskayaw
Vehumet
Wu Jian
Xom
Yredelemnul
Zin
The Shining One

Annotations:
D:3 Sigmund
D:4 3 runed translucent doors, Leeroy's ghost, amateur DjWr
D:9 3 runed translucent doors, ma3's ghost, novice VSBr
D:10 Fannar
Lair:1 3 runed translucent doors, Ezendos's ghost, journeyman NaBe


Innate Abilities, Weirdness & Mutations

Your life essence is reduced to manifest your ancestor. (-10% HP)
You are too large for most types of armour.
You have tough skin. (AC +1)


Message History

The ice beast barely misses you.
Fannar casts a spell.
Fannar blinks!
Okay, then.
Aiming: Iceblast
Press: ? - help, Shift-Dir - straight line, f/p - Fannar
Aim: Fannar, wielding a +0 quarterstaff of freezing, wearing a +2 robe of cold resistance and wearing a ring of ice (almost dead, fast)
The mass of ice explodes!
The iceblast engulfs Fannar!
Fannar partially resists.
Fannar is almost dead.
The ice beast hits you but does no damage.
Aiming: Corrosive Bolt
Press: ? - help, Shift-Dir - straight line, f/p - Fannar
Aim: Fannar, wielding a +0 quarterstaff of freezing, wearing a +2 robe of cold resistance and wearing a ring of ice (almost dead, fast, 53% to hit)
The bolt of acid misses Fannar.
The ice beast hits you but does no damage.
Aiming: Corrosive Bolt
Press: ? - help, Shift-Dir - straight line, f/p - Fannar
Aim: Fannar, wielding a +0 quarterstaff of freezing, wearing a +2 robe of cold resistance and wearing a ring of ice (almost dead, fast, 53% to hit)
The bolt of acid hits Fannar.
Fannar is splashed with acid.
The acid corrodes Fannar!
Fannar is almost dead.
The now-empty wand crumbles to dust.
Fannar casts a spell.
Fannar drains the heat from the surrounding environment!
* * * LOW HITPOINT WARNING * * *
The ice beast hits you but does no damage.
Fannar hits you with a +0 quarterstaff of freezing.
* * * LOW HITPOINT WARNING * * *
Fannar freezes you.
* * * LOW HITPOINT WARNING * * *
You feel better. Fannar completely misses you.
The ice beast closely misses you.
You hit Fannar.
Fannar is almost dead.
You block Fannar's attack.
The ice beast hits you but does no damage.
Fannar mumbles some strange words.
Fannar drains the heat from the surrounding environment!
You die...

#..........##.....
#).......#R##.....
#........#..'.....
#........####.....
#.......^# #.....
#####.#### #####'
#####.# #.
###Ye...# #.
#..@##### #. #.###
## #(......(. #
#.e...e... #######
#.......(. .>....#
#........( #..
#.......:. ###
#.:....... #
########.# #


You could see Fannar (fast, corroded) and an ice beast (summoned).

Vanquished Creatures
  4 two-headed ogres
  Pikel (D:6)
  A manticore (D:7)
  An elephant (D:8)
  Maggie (D:6)
  A troll (D:10)
  3 hornets
  Prince Ribbit (D:9)
  A wyvern (D:7)
  11 yaks
  A basilisk (D:9)
  A wraith (D:9)
  5 vampire mosquitoes
  2 water moccasins
  Duvessa (D:6)
  An orc warrior (D:9)
  Purgy (D:3)
  A black bear (D:4)
  2 sky beasts
  A necrophage (D:4)
  3 ogres
  A phantom (D:5)
  4 centaurs
  A lemure (D:6)
  Blork the orc (D:4)
  2 kobold brigands
  A gnoll sergeant (D:8)
  4 bullfrogs
  Dowan (D:6)
  5 scorpions
  A water moccasin skeleton (D:6)
  3 killer bees (D:8)
  6 wights (D:8)
  A howler monkey (D:9)
  A crimson imp (D:9)
  A centaur zombie (D:5)
  2 bullfrog zombies (D:5)
  3 hounds
  An orc priest (D:9)
  2 bullfrog skeletons
  2 centaur skeletons
  A scorpion zombie (D:5)
  2 orc wizards
  An iguana (D:5)
  A killer bee zombie (D:7)
  2 hound skeletons (D:4)
  2 mummies
  2 howler monkey zombies
  2 adders
  6 gnolls
  2 shadow imps
  A white imp (D:8)
  An ufetubus (D:6)
  2 adder skeletons (D:4)
  A worm (D:4)
  4 dart slugs
  17 orcs
  4 spectral bats (Ossuary)
  5 endoplasms
  3 giant cockroaches (D:4)
  12 gnoll zombies (Ossuary)
  7 hobgoblins
  4 quokkas
  10 ball pythons
  3 bats
  5 bat simulacra (Ossuary)
  9 frilled lizards
  5 goblins
  3 goblin simulacra (Ossuary)
  6 goblin zombies (Ossuary)
  2 hobgoblin zombies (Ossuary)
  19 kobolds
  3 kobold simulacra (Ossuary)
  3 kobold zombies (Ossuary)
  7 orc zombies (Ossuary)
  5 rats
  4 rat simulacra (Ossuary)
  5 spectral goblins (Ossuary)
  A spectral kobold (Ossuary)
  6 spectral rats (Ossuary)
265 creatures vanquished.

Vanquished Creatures (collateral kills)
  Psyche (D:8)
  A yak (D:9)
  A black bear (D:9)
  An orc warrior (D:10)
  A bullfrog (D:9)
  A killer bee (D:8)
  3 wights (D:8)
  2 orc priests
  2 orc wizards
  A white imp (D:9)
  2 orcs
16 creatures vanquished.

Vanquished Creatures (others)
  A water moccasin skeleton (D:5)
  5 ancestors
  3 battlemagi (D:10)
  An iguana (D:5)
  An orc wizard (D:5)
  2 orcs (D:5)
  4 plants
17 creatures vanquished.

Grand Total: 298 creatures vanquished

Notes
Turn   | Place    | Note
-------+----------+-------------------------------------------
     0 | D:1      | Ezendos the Ogre Brigand began the quest for the Orb.
     0 | D:1      | Reached XP level 1. HP: 22/22 MP: 1/1
    94 | D:1      | Reached skill level 3 in Fighting
   286 | D:1      | Reached XP level 2. HP: 29/31 MP: 2/2
   753 | D:1      | Reached skill level 4 in Fighting
   753 | D:1      | Reached skill level 1 in Dodging
  1127 | D:1      | Reached XP level 3. HP: 35/39 MP: 3/3
  1407 | D:2      | Reached skill level 1 in Maces & Flails
  1531 | D:2      | Reached XP level 4. HP: 45/49 MP: 4/4
  2420 | D:3      | Found a shimmering altar of Xom.
  2420 | D:3      | Noticed Sigmund
  2527 | D:3      | Found a faded altar of an unknown god.
  2528 | D:3      | Noticed Purgy
  2546 | D:3      | Killed Purgy
  2547 | D:3      | Reached skill level 5 in Fighting
  2547 | D:3      | Reached XP level 5. HP: 22/58 MP: 5/5
  3223 | D:4      | Noticed Blork the orc
  3239 | D:4      | Killed Blork the orc
  3240 | D:4      | Reached skill level 6 in Fighting
  3240 | D:4      | Reached XP level 6. HP: 48/67 MP: 6/6
  3259 | D:4      | Noticed a black bear
  3527 | D:4      | Reached skill level 1 in Armour
  3569 | D:4      | Noticed a necrophage
  3583 | D:4      | Killed a necrophage
  3584 | D:4      | Reached skill level 7 in Fighting
  3584 | D:4      | Reached XP level 7. HP: 71/76 MP: 7/7
  3611 | D:4      | Noticed Leeroy's ghost (amateur DjWr)
  3704 | D:4      | Found a runed translucent gate.
  3704 | D:4      | Found a runed translucent gate.
  3704 | D:4      | Found a runed translucent gate.
  3960 | D:5      | Entered Level 5 of the Dungeon
  4166 | D:5      | Reached skill level 8 in Fighting
  4189 | D:5      | Reached XP level 8. HP: 91/91 MP: 8/8
  4228 | D:5      | Found a sand-covered staircase.
  4238 | D:5      | Reached skill level 9 in Fighting
  4241 | Ossuary  | Entered an ossuary
  5013 | D:5      | Reached skill level 10 in Fighting
  5503 | D:6      | Noticed Duvessa
  5503 | D:6      | Noticed Dowan
  5510 | D:6      | Killed Duvessa
  5511 | D:6      | Reached skill level 11 in Fighting
  5598 | D:6      | Killed Dowan
  5782 | D:6      | Reached skill level 12 in Fighting
  5786 | D:6      | Reached XP level 9. HP: 105/107 MP: 9/9
  5966 | D:6      | Noticed Pikel
  5995 | D:6      | Killed Pikel
  5996 | D:6      | Reached skill level 13 in Fighting
  6057 | D:6      | Reached skill level 14 in Fighting
  6343 | D:6      | Noticed Maggie
  6361 | D:6      | Killed Maggie
  6362 | D:6      | Reached skill level 15 in Fighting
  6569 | D:6      | Reached XP level 10. HP: 126/126 MP: 10/10
  7116 | D:7      | Found a staircase to the Ecumenical Temple.
  7124 | Temple   | Entered the Ecumenical Temple
  7211 | Temple   | Became a worshipper of Hepliaklqana the Forgotten
  7372 | D:7      | Reached skill level 16 in Fighting
  7389 | D:7      | Noticed a two-headed ogre
  7398 | D:7      | Killed a two-headed ogre
  7410 | D:7      | Noticed a manticore
  7421 | D:7      | Killed a manticore
  8273 | D:8      | Noticed a two-headed ogre
  8295 | D:8      | Killed a two-headed ogre
  8296 | D:8      | Reached skill level 17 in Fighting
  8296 | D:8      | Reached skill level 1 in Axes
  8413 | D:8      | Reached * piety under Hepliaklqana
  8988 | D:8      | Reached XP level 11. HP: 103/125 MP: 11/11
  9116 | D:8      | Noticed a two-headed ogre
  9152 | D:8      | Killed a two-headed ogre
  9306 | D:8      | Noticed Psyche
  9333 | D:8      | Killed Psyche
  9815 | D:9      | Found a runed translucent gate.
  9815 | D:9      | Found a runed translucent gate.
  9815 | D:9      | Found a runed translucent gate.
 10035 | D:9      | Noticed ma3's ghost (novice VSBr)
 10086 | D:9      | Found a staircase to the Lair.
 10624 | D:9      | Noticed a two-headed ogre
 10634 | D:9      | Killed a two-headed ogre
 10791 | D:9      | Noticed Prince Ribbit
 10807 | D:9      | Killed Prince Ribbit
 10808 | D:9      | Reached skill level 5 in Throwing
 11076 | D:10     | Entered Level 10 of the Dungeon
 11100 | Lair:1   | Entered Level 1 of the Lair of Beasts
 11100 | Lair:1   | Found a runed translucent gate.
 11100 | Lair:1   | Found a runed translucent gate.
 11100 | Lair:1   | Found a runed translucent gate.
 11100 | Lair:1   | Noticed a nine-headed hydra
 11102 | Lair:1   | Noticed Ezendos's ghost (journeyman NaBe)
 11828 | D:10     | Reached ** piety under Hepliaklqana
 11829 | D:10     | Remembered your ancestor Billy as a battlemage
 12025 | D:10     | Reached skill level 5 in Dodging
 12101 | D:10     | Reached skill level 18 in Fighting
 12974 | D:9      | Found a staircase to the Lair.
 13522 | D:10     | Noticed Fannar
 13555 | D:10     | Killed from afar by Fannar

Illustrated notes

Levels and vault maps discovered:
D:1:      dpeg_arrival_chambers_temple_mockup, layout_basic, minmay_lizard_pond
D:2:      layout_loops_corners, serial_bayou, serial_bayou_pond_d,
          serial_bayou_ford_a, serial_bayou_lagoon_a, serial_bayou_pond_b,
          serial_bayou_crossing, serial_bayou_pond_c, grunt_decor_arrowhead,
          kennysheep_decorative_pillar
D:3:      layout_rooms, amcnicky_altar_gilded, basic_ecumenical_altar,
          uniq_purgy, uniq_sigmund
D:4:      layout_basic, gammafunk_ghost_icy, roderic_serpentine_path,
          uniq_blork_the_orc
D:5:      layout_loops_ring, gup_ossuary_entry_pyramid, kennysheep_nondescript,
          lemuel_flamethrower_2
D:6:      minmay_chambers_of_fours, layout_loops_corners, feat_on_display,
          uniq_duvessa, uniq_pikel, uniq_maggie
D:7:      layout_cave_pools, minmay_temple_entry_gardened_gates
D:8:      layout_cave_pools, kennysheep_generic_room_10, uniq_psyche
D:9:      layout_long_grid, david_lair_generic, gammafunk_ghost_spectres,
          chequers_serial_rivers_micro_d, nrook_mini_backslash,
          minmay_fire_ice_demons, uniq_prince_ribbit1
D:10:     layout_roguey, uniq_fannar
Temple:   dpeg_three_leaves_temple
Lair:1:   layout_regular_city, gammafunk_ghost_hydra_chop,
          minmay_lair_oklob_chamber, uniq_urug

Skill      XL: |  1  2  3  4  5  6  7  8  9 10 11 |
---------------+----------------------------------+-----
Fighting       | 3 4 5 6 7 8 12 15 17 18 | 18.1
Stealth        | 3 |  3.0
Dodging        | 1 2 3 5 |  5.0
Maces & Flails | 1 2 3 4 |  4.0
Armour         | 1 2 4 |  4.8
Axes           | 1 |  1.7
Throwing       | 3 5 |  5.7
Short Blades   | |  1.7

Action                   |  1- 3 |  4- 6 |  7- 9 | 10-12 || total
-------------------------+-------+-------+-------+-------++-------
Melee: Dagger            |    62 |     2 |     6 |    31 ||   101
       Whip              |    23 |   142 |   362 |   309 ||   836
       Unarmed           |       |       |     7 |       ||     7
Throw: Dart              |       |     9 |    45 |    68 ||   122
       Boomerang         |       |       |       |    16 ||    16
Invok: Ancestor Identity |       |       |       |     1 ||     1
       Ancestor Life: Ba |       |       |       |     1 ||     1
Evoke: Wand              |       |       |       |     5 ||     5
  Use: Potion            |       |     3 |     1 |     2 ||     6
       Scroll            |       |     2 |     5 |     8 ||    15
 Stab: Sleeping          |     6 |     3 |     7 |       ||    16
       Invisible         |       |       |       |     2 ||     2
Armor: Robe              |    28 |     9 |       |       ||    37
       Skin              |       |    13 |       |       ||    13
       Troll leather arm |       |    20 |    90 |       ||   110
       Steam dragon scal |       |       |       |    91 ||    91
Dodge: Dodged            |    54 |    74 |   183 |   265 ||   576
Block: Other             |       |    20 |    81 |    96 ||   197
       Reflection        |       |       |     2 |     3 ||     5

Table legend: (Time is in decaauts)
 A = Elapsed time spent in this place.
 B = Non-inter-level travel time spent in this place.
 C = Inter-level travel time spent in this place.
 D = Time resting spent in this place.
 E = Time spent auto-exploring this place.
 F = Levels seen in this place.
 G = Mean time per level.
                   A        B        C        D        E       F      G
               +--------+--------+--------+--------+--------+-----+--------+
         Total |  13498 |  12520 |    978 |   1724 |   7914 |  13 | 1038.3 |
       Dungeon |  12938 |  11960 |    978 |   1724 |   7689 |  10 | 1293.8 |
        Temple |     95 |     95 |      0 |      0 |     64 |   1 |   95.0 |
          Lair |     15 |     15 |      0 |      0 |      0 |   1 |   15.0 |
       Ossuary |    448 |    448 |      0 |      0 |    161 |   1 |  448.0 |
               +--------+--------+--------+--------+--------+-----+--------+

Top non-repeatable levels by time:
     D:9: 2959 daAuts
     D:6: 1552 daAuts
     D:1: 1368 daAuts
     D:8: 1306 daAuts
     D:7: 1225 daAuts
     D:2: 1063 daAuts
     D:4: 965 daAuts
     D:5: 851 daAuts
     D:3: 847 daAuts
    D:10: 800 daAuts
 Ossuary: 448 daAuts
  Temple: 95 daAuts
  Lair:1: 15 daAuts
